[Event "Belgrade RAD 30"]
[Site "Belgrade"]
[Date "1977.01.26"]
[Round "9.1"]
[White "Matulovic, Milan"]
[Black "Portisch, Ferenc"]
[Result "1/2-1/2"]
[ECO "C09"]
[WhiteElo "2510"]
[BlackElo "2475"]
[Annotator "Primel,D"]
[PlyCount "42"]
[EventDate "1977.01.15"]
[EventType "tourn"]
[EventRounds "13"]
[EventCountry "SRB"]
[EventCategory "9"]
[SourceTitle "EXT 2018"]
[Source "ChessBase"]
[SourceDate "2017.10.13"]
[SourceVersion "1"]
[SourceVersionDate "2017.10.13"]
[SourceQuality "1"]
[TimeControl "40/9000:16/5400:0"]

1. e4 e6 2. d4 d5 3. Nd2 c5 4. exd5 exd5 5. Ngf3 Nc6 6. Bb5 Bd6 7. O-O (7. dxc5
Bxc5 8. O-O Nge7 9. Nb3 (9. c3) 9... Bd6 10. Re1) 7... Nge7 8. dxc5 Bxc5 9. Nb3
Bd6 10. Nbd4 O-O 11. Be3 Bg4 12. Qd2 Rc8 (12... Qc7 13. h3 Bd7 (13... Bh5 14.
Nh4) 14. Bd3 a6 15. Rfe1 Rfe8 16. c3 Na5 17. Qc2 h6 18. Re2 Nc4 19. Rae1 Nxe3
20. Rxe3 Nc6 21. Qb3 Rxe3 22. Rxe3 Ne7 23. Qc2 Rd8 24. Qe2 Nc6 25. Bf5 Bf4 26.
Rd3 Re8 27. Qf1 {Matulovic,M (2485)-Raicevic,V (2455) Banja Luka 1987 1-0 (59)}
) 13. Rfe1 (13. c3 a6 14. Bd3 Qc7 15. h3 Bh5 16. Nh4 Bg6 17. Nxg6 hxg6 18. Rfe1
Rfd8 19. Rad1 Nxd4 20. Bxd4 Nc6 21. Be3 {1/2-1/2 (20) Jansa,V (2480)-Hort,V 
(2600) Luhacovice 1973}) 13... Bb8 14. Bf4 Qb6 $146 (14... Nxd4 15. Nxd4 Bxf4
16. Qxf4 Bh5 $2 17. Qe5 Qb6 18. c3 Bg6 19. Qxe7 a6 20. Bd7 Rc7 21. Qxf8+ Kxf8
22. Re8# {1-0 (22) Matulovic,M-Uhlmann,W Herceg Novi 1970}) 15. a4 Bxf3 16.
Nxf3 Bxf4 17. Qxf4 Ng6 18. Qd2 a6 19. Bd3 (19. Bxc6) 19... Qxb2 20. Rab1 Qa3
21. Rxb7 Qxa4 1/2-1/2